 Dungeon Crawl Stone Soup version 0.28-a0-895-g6e5f11bd55 (webtiles) character file.

Game seed: 5182062362422239547

7697 Sabo the Basher (level 11, -3/100 HPs)
             Began as a Naga Berserker on Nov 22, 2021.
             Was an Elder of Trog.
             Slain by a yak (5 damage)
             ... on level 1 of the Lair of Beasts.
             The game lasted 01:12:56 (14064 turns).

Sabo the Basher (Naga Berserker)                   Turns: 14064, Time: 01:12:58

Health: -3/100     AC: 23    Str: 25    XL:     11   Next: 19%
Magic:  11/11      EV: 10    Int:  8    God:    Trog [****..]
Gold:   521        SH:  0    Dex: 17    Spells: 10/10 levels left

rFire   . . .      SeeInvis +   t - +6 dire flail (protect)
rCold   + . .      Faith    .   (shield currently unavailable)
rNeg    . . .      Spirit   .   x - +0 plate armour {rC+}
rPois   +          Reflect  .   (no helmet)
rElec   .          Harm     .   P - +2 cloak {rPois}
rCorr   .          Rampage  .   l - +0 pair of gloves {Str+3}
Will    +....                   (no barding)
Stlth   ..........              (no amulet)
HPRegen 0.26/turn               m - +6 ring of dexterity
MPRegen 0.12/turn               r - +4 ring of evasion

@: under a protective aura, very slow
A: AC +3, large, see invisible, deformed body, poison resistance, slowness 2,
spit poison 1, naga tail 1
a: Spit Poison, Renounce Religion, Berserk, Trog's Hand, Brothers in Arms


You were on level 1 of the Lair of Beasts.
You worshipped Trog.
Trog was greatly pleased with you.
You visited 2 branches of the dungeon, and saw 10 of its levels.
You also visited: Ossuary and Bailey.

You collected 521 gold pieces.

Inventory:

Hand Weapons
 a - a +0 shortbow
 f - a +4 long sword
 n - a +0 glaive
 t - a +6 dire flail of protection (weapon)
 y - a +2 halberd of electrocution
 A - a +2 long sword of venom
 D - a +4 falchion
 E - a +3 hand axe
 H - a +2 vorpal hand axe
 K - a +0 lajatang
 Q - a +0 battleaxe of draining
Missiles
 e - 115 arrows
 g - 6 curare-tipped darts
 j - 2 poisoned darts
 k - 91 boomerangs (quivered)
 s - 136 bolts
 v - 17 sling bullets
Armour
 l - a +0 pair of gloves of strength (worn)
 x - a +0 plate armour of cold resistance (worn)
 P - a +2 cloak of poison resistance (worn)
Jewellery
 d - a ring of willpower
 m - a +6 ring of dexterity (left hand)
 r - a +4 ring of evasion (right hand)
 J - a ring of protection from fire
Wands
 b - a wand of acid (5)
 i - a wand of iceblast (17)
 o - a wand of paralysis (7)
 F - a wand of charming (8)
Scrolls
 c - 2 scrolls of fog
 p - a scroll of blinking
 u - a scroll of fear
 z - 3 scrolls of teleportation
Potions
 h - 3 potions of lignification {unknown}
 q - 4 potions of flight {unknown}
 w - 4 potions of brilliance {unknown}
 B - a potion of attraction {unknown}
 C - 5 potions of curing {unknown}
 G - a potion of ambrosia {unknown}
 I - a potion of cancellation {unknown}
 L - a potion of invisibility {unknown}
 M - a potion of magic {unknown}
 N - 2 potions of heal wounds {unknown}
 O - 2 potions of mutation {unknown}


   Skills:
 + Level 7.3 Fighting
 + Level 5.3(9.1) Axes
 + Level 11.4(11.9) Maces & Flails
 + Level 0.3 Throwing
 + Level 7.9 Armour
 + Level 2.4 Dodging
 + Level 2.2 Stealth


You had 10 spell levels left.
You didn't know any spells.
Your spell library was empty.

Dungeon Overview and Level Annotations

Branches:
Dungeon (9/15)             Temple (0/1) D:4            Lair (1/6) D:9
Ossuary (visited)          Bailey (visited)
    Orc: D:9-12

Altars:
Hepliaklqana
Makhleb
Nemelex Xobeh
Qazlal
Ru
Vehumet
Zin
Beogh

Shops:
D:9 :


Innate Abilities, Weirdness & Mutations

Your serpentine skin is tough. (AC +3)
You have supernaturally acute eyesight. (SInv)
Armour fits poorly on your strangely shaped body.
Your system is resistant to poisons. (rPois)
You cover ground very slowly.
You can spit poison.
You have a snake-like lower body.


Message History

The yak gores you but does no damage.
You impale the yak!!
You kill the yak!
Trog accepts your kill.
You closely miss the yak. The yak closely misses you.
The yak gores you but does no damage. The yak barely misses you.
You barely miss the yak. The yak gores you but does no damage.
The yak gores you. x2
* * * LOW HITPOINT WARNING * * *
The yak gores you but does no damage.
The bullfrog hits you but does no damage.
You completely miss the bullfrog.
The bullfrog hits you but does no damage.
The yak gores you.
* * * LOW HITPOINT WARNING * * *
The yak gores you but does no damage.
You thump the bullfrog!
The bullfrog is heavily wounded.
The bullfrog hits you but does no damage.
You sock the bullfrog!
You kill the bullfrog!
Trog accepts your kill. The yak gores you!
* * * LOW HITPOINT WARNING * * *
You hit the yak.
The yak is lightly wounded.
The yak gores you!
* * * LOW HITPOINT WARNING * * *
The yak gores you but does no damage. x2
You fail to use your ability.
The yak closely misses you. The yak gores you.
* * * LOW HITPOINT WARNING * * *
The yak misses you. The yak barely misses you.
Unknown command.
Your ogre goes berserk!
Trog will no longer gift you weapons. The yak gores you but does no damage.
The yak closely misses you. The yak gores you.
* * * LOW HITPOINT WARNING * * *
The yak gores you.
You die...

####### #..YY@#
#....YYYY.....#
.......OYY##..#.#
..........# #...
..P##.....# .. ..
.......# .
........#
........#


You could see 8 yaks and a friendly ogre (summoned, berserk).

Vanquished Creatures
  An ugly thing (D:8)
  The ghost of SirDiesAlot the Fighter, a novice MiDe (D:5)
  Psyche (D:9)
  Grinder (D:5)
  Sigmund (D:5)
  2 wraiths (Ossuary)
  7 yaks
  4 wyverns
  7 orc warriors
  A necrophage (D:5)
  A black bear (D:6)
  A sky beast (D:8)
  2 ogres (D:4)
  2 centaurs
  2 phantoms
  A kobold brigand (D:7)
  Blork the orc (D:4)
  4 bullfrogs
  A gnoll sergeant (D:7)
  A scorpion (D:3)
  A water moccasin skeleton (D:4)
  13 killer bees
  14 wights
  A howler monkey (D:6)
  2 centaur zombies
  An electric eel (D:9)
  4 quasits (D:5)
  A jelly (D:6)
  2 hounds
  A gnoll shaman (D:9)
  8 orc priests
  An iguana (D:6)
  7 orc wizards
  A hound skeleton (D:5)
  A howler monkey zombie (D:9)
  21 gnolls
  8 adders
  3 shadow imps
  A white imp (D:7)
  2 adder zombies
  2 worms
  2 dart slugs
  28 orcs
  8 ball pythons
  7 endoplasms
  5 giant cockroaches
  10 goblins
  13 hobgoblins
  5 jackals
  16 kobolds
  2 ball python skeletons (Ossuary)
  4 bats
  A frilled lizard (D:3)
  2 hobgoblin skeletons (Ossuary)
  A kobold zombie (Ossuary)
  An orc skeleton (Ossuary)
  An orc zombie (Ossuary)
  5 rats
  A bush (D:1)
249 creatures vanquished.

Notes
Turn   | Place    | Note
-------+----------+-------------------------------------------
     0 | D:1      | Sabo the Naga Berserker began the quest for the Orb.
     0 | D:1      | Reached XP level 1. HP: 21/21 MP: 1/1
   887 | D:1      | Reached XP level 2. HP: 28/28 MP: 2/2
  1396 | D:1      | Upgraded the game from 0.28-a0-883-gc8d7bad45d to
                  | 0.28-a0-895-g6e5f11bd55
  1627 | D:2      | Reached XP level 3. HP: 29/34 MP: 3/3
  2736 | D:3      | Reached XP level 4. HP: 43/44 MP: 4/4
  2752 | D:3      | Noticed a scorpion
  2763 | D:3      | Killed a scorpion
  2764 | D:3      | Reached XP level 5. HP: 50/50 MP: 5/5
  3154 | D:3      | Found a faded altar of an unknown god.
  3214 | D:3      | HP: 2/50 [poisoned by a goblin]
  3659 | D:3      | Found a stormy altar of Qazlal.
  3796 | D:3      | Found a sacrificial altar of Ru.
  4282 | D:4      | Found a staircase to the Ecumenical Temple.
  4282 | D:4      | Noticed Blork the orc
  4286 | D:4      | Noticed an ogre
  4292 | D:4      | Killed an ogre
  4293 | D:4      | Reached XP level 6. HP: 20/57 MP: 6/6
  4300 | D:4      | Killed Blork the orc
  4422 | D:4      | Found a sand-covered staircase.
  4427 | Ossuary  | Entered an ossuary
  4660 | Ossuary  | Reached ** piety under Trog
  4694 | Ossuary  | Noticed a flying skull
  4694 | Ossuary  | Noticed a wraith
  4714 | Ossuary  | Reached skill level 5 in Axes
  4714 | Ossuary  | Reached XP level 7. HP: 58/66 MP: 7/7
  4759 | Ossuary  | Noticed a flying skull
  4761 | Ossuary  | Noticed a flying skull
  4765 | Ossuary  | Noticed a wraith
  4782 | Ossuary  | Killed a wraith
  4783 | Ossuary  | Reached skill level 2 in Maces & Flails
  4943 | Ossuary  | Noticed a wraith
  4950 | Ossuary  | Killed a wraith
  4951 | Ossuary  | Reached skill level 3 in Maces & Flails
  4983 | Ossuary  | Noticed a flying skull
  4990 | Ossuary  | Noticed a flying skull
  5223 | D:4      | Reached XP level 8. HP: 70/73 MP: 8/8
  5361 | D:4      | Reached skill level 4 in Maces & Flails
  5630 | D:4      | Found a sparkling altar of Nemelex Xobeh.
  6104 | D:5      | Entered Level 5 of the Dungeon
  6380 | D:5      | Found a transporter.
  6384 | D:5      | Noticed SirDiesAlot's ghost (novice MiDe)
  6403 | D:5      | Found a transporter.
  6654 | D:5      | Reached skill level 5 in Maces & Flails
  6654 | D:5      | Reached skill level 1 in Stealth
  6673 | D:5      | Reached skill level 5 in Fighting
  6874 | D:5      | Noticed Grinder
  6886 | D:5      | Killed Grinder
  6887 | D:5      | Reached skill level 6 in Maces & Flails
  6887 | D:5      | Reached skill level 5 in Armour
  6949 | D:5      | Reached XP level 9. HP: 81/81 MP: 9/9
  7072 | D:5      | Noticed Sigmund
  7083 | D:5      | Killed Sigmund
  7778 | D:5      | Identified a scroll of acquirement
  7779 | D:5      | Acquired a +0 pair of gloves of strength
  7827 | D:6      | Reached skill level 7 in Maces & Flails
  8083 | D:5      | Killed SirDiesAlot's ghost
  8400 | D:6      | Reached skill level 8 in Maces & Flails
  8838 | D:6      | Found a hazy altar of Hepliaklqana.
  9742 | D:7      | Reached *** piety under Trog
  9755 | D:7      | Found a flagged portal.
  9798 | Bailey   | Entered a bailey
 10249 | Bailey   | Reached XP level 10. HP: 80/91 MP: 10/10
 10575 | D:7      | Reached skill level 9 in Maces & Flails
 10952 | D:7      | Acquired 654 gold pieces
 10992 | D:8      | Noticed a cyan ugly thing
 11002 | D:8      | Killed a cyan ugly thing
 11503 | D:8      | Reached **** piety under Trog
 11932 | D:8      | Found a burning altar of Makhleb.
 12103 | D:8      | Found a glowing silver altar of Zin.
 12103 | D:8      | Noticed an angel
 12217 | D:8      | Reached skill level 10 in Maces & Flails
 12925 | D:9      | Found a radiant altar of Vehumet.
 13097 | D:9      | Noticed Psyche
 13104 | D:9      | Killed Psyche
 13105 | D:9      | Reached skill level 11 in Maces & Flails
 13105 | D:9      | Reached XP level 11. HP: 94/99 MP: 11/11
 13144 | D:9      | Reached ***** piety under Trog
 13634 | D:9      | Found Yshuomug's Book Emporium.
 13866 | D:9      | Found a staircase to the Lair.
 14038 | Lair:1   | Entered Level 1 of the Lair of Beasts
 14062 | Lair:1   | HP: 3/100 [yak (12)]
 14064 | Lair:1   | Slain by a yak

Illustrated notes

Levels and vault maps discovered:
D:1:      lightli_arrival_isolated_outpost, layout_loops_ring, serial_forest,
          infiniplex_forest_corner_1, infiniplex_forest_straight_3,
          infiniplex_forest_clump_large, infiniplex_forest_clump_curved,
          infiniplex_forest_lined_room_2, infiniplex_forest_straight_2,
          infiniplex_forest_end_2, infiniplex_forest_straight_4
D:2:      layout_loops_ring
D:3:      layout_basic, hangedman_ru_absence, amethyst_overflow_temple_binary,
          shapermc_ecumenical_altar_pompeii
D:4:      layout_basic, nemelex_altar_shiori, minmay_temple_entry_large_hall,
          enter_ossuary_2, minmay_misc_feat_cross, uniq_blork_the_orc
D:5:      layout_basic, gammafunk_ghost_stat_death, uniq_sigmund, uniq_grinder
D:6:      layout_basic, mainiacjoe_overflow_small_starburst, minivault_19
D:7:      layout_basic, enter_bailey_5, st_stairs_13
D:8:      layout_basic, zin_angel, mainiacjoe_overflow_six_doors_small
D:9:      layout_basic, mainiacjoe_overflow_paths, lair_entry_dummy,
          special_room [special_room_orc], serial_shops, nicolae_stop_n_shop_1,
          kennysheep_generic_room_9, uniq_psyche
Lair:1:   layout_gridlike, serial_bayou_shore_b

Skill      XL: |  1  2  3  4  5  6  7  8  9 10 11 |
---------------+----------------------------------+-----
Armour         | 2 3 4 5 6 7 |  7.9
Fighting       | 4 5 6 7 |  7.3
Axes           | 4 5 |  5.3
Maces & Flails | 3 6 8 11 | 11.4
Dodging        | 2 |  2.4
Stealth        | 1 2 |  2.2
Throwing       | |  0.3

Action                   |  1- 3 |  4- 6 |  7- 9 | 10-12 || total
-------------------------+-------+-------+-------+-------++-------
Melee: Hand axe          |   275 |    89 |       |       ||   364
       Dire flail        |       |    34 |   297 |   326 ||   657
Throw: Boomerang         |     5 |     1 |       |     2 ||     8
Invok: Berserk           |       |     2 |     2 |     1 ||     5
       Brothers in Arms  |       |       |       |     1 ||     1
 Abil: Spit Poison       |     4 |     7 |    18 |     5 ||    34
  Use: Scroll            |     1 |       |    12 |     5 ||    18
Armor: Ring mail         |     6 |       |       |       ||     6
       Animal skin       |     1 |       |       |       ||     1
       Chain mail        |    54 |    67 |    75 |       ||   196
       Plate armour      |       |       |   256 |   216 ||   472
Dodge: Dodged            |    30 |    38 |   259 |   185 ||   512

Table legend: (Time is in decaauts)
 A = Elapsed time spent in this place.
 B = Non-inter-level travel time spent in this place.
 C = Inter-level travel time spent in this place.
 D = Time resting spent in this place.
 E = Time spent auto-exploring this place.
 F = Levels seen in this place.
 G = Mean time per level.
                   A        B        C        D        E       F      G
               +--------+--------+--------+--------+--------+-----+--------+
         Total |  17354 |  17354 |      0 |   4600 |      0 |  12 | 1446.2 |
       Dungeon |  15754 |  15754 |      0 |   3847 |      0 |   9 | 1750.4 |
          Lair |     20 |     20 |      0 |      0 |      0 |   1 |   20.0 |
       Ossuary |    870 |    870 |      0 |    397 |      0 |   1 |  870.0 |
        Bailey |    708 |    708 |      0 |    355 |      0 |   1 |  708.0 |
               +--------+--------+--------+--------+--------+-----+--------+

Top non-repeatable levels by time:
     D:5: 2516 daAuts
     D:9: 1995 daAuts
     D:1: 1853 daAuts
     D:4: 1745 daAuts
     D:3: 1633 daAuts
     D:2: 1631 daAuts
     D:8: 1598 daAuts
     D:6: 1417 daAuts
     D:7: 1362 daAuts
 Ossuary: 870 daAuts
  Bailey: 708 daAuts
  Lair:1: 20 daAuts
